 Dungeon Crawl Stone Soup version 0.31-a0-1612-g4aaf141004 (webtiles) character file.

Game seed: 16306602102543537104

2963 CraigForest the Grappler (level 9, 0/76 HPs)
             Began as a Troll Shapeshifter on Jan 10, 2024.
             Was an Initiate of Gozag.
             Slain by a killer bee (8 damage)
             ... on level 7 of the Dungeon.
             The game lasted 00:27:32 (5753 turns).

CraigForest the Grappler (Troll Shapeshifter)       Turns: 5753, Time: 00:27:33

Health: 0/76       AC:  4    Str: 28    XL:     9   Next: 52%
Magic:  8/8        EV: 10    Int:  6    God:    Gozag
Gold:   836        SH:  0    Dex:  9    Spells: 8/8 levels left

rFire   + .          .
                       - Unarmed
rCold   . . .        (no shield)
rNeg    . . .        f - +0 robe
rPois   .            (helmet currently unavailable)
rElec   .            (cloak currently unavailable)
rCorr   .            (gloves unavailable)
SInv    .            (boots unavailable)
Will    .....        (no amulet)
Stlth   +            w - ring of protection from fire
HPRegen 1.12/turn    (no ring)
MPRegen 0.11/turn

%: no passive effects
@: lethally poisoned (0 -> -2), beast-form, gold aura
A: beast (slay +3), large, unfitting armour, claws 3, regeneration 1, shaggy fur
1, tough skin 1
a: Begin Untransformation, Renounce Religion, Potion Petition, Call Merchant,
Bribe Branch


You were on level 7 of the Dungeon.
You worshipped Gozag.
Gozag was pleased with you.
You were a hulking beast.
You visited 2 branches of the dungeon, and saw 8 of its levels.
You also visited: Sewer and Ossuary.

You collected 922 gold pieces.
You spent 40 gold pieces at shops.
You paid 46 gold pieces to Gozag.

Inventory:

Hand Weapons
 s - a +0 giant club
 y - a +4 battleaxe of freezing
 B - a +2 dire flail of holy wrath
 C - a +2 heavy hand axe
Missiles
 h - 5 boomerangs
 D - 12 poisoned darts
 F - a throwing net
Armour
 a - a +0 animal skin
 f - a +0 robe (worn)
 x - a +1 kite shield
Jewellery
 w - a ring of protection from fire (left claw)
 H - a ring of wizardry
Talismans
 c - a beast talisman (active)
 d - a flux talisman
Scrolls
 k - 7 scrolls of teleportation
 l - a scroll of silence
 n - 2 scrolls of fear
 r - 3 scrolls of blinking
 t - 2 scrolls of fog
 u - a scroll of amnesia
 A - 3 scrolls of revelation
Potions
 b - 3 potions of lignification
 e - 3 potions of resistance
 g - a potion of haste
 i - a potion of brilliance {unknown}
 j - a potion of enlightenment {unknown}
 m - 2 potions of attraction {unknown}
 o - a potion of degeneration {unknown}
 p - a potion of might {unknown}
 v - 3 potions of mutation {unknown}
 E - a potion of ambrosia {unknown}
 G - 3 potions of heal wounds {unknown}
Miscellaneous
 q - a lightning rod (2/4) (quivered)


   Skills:
 - Level 1.0 Fighting
 - Level 2.0 Dodging
 + Level 11.9 Unarmed Combat
 + Level 6.5 Shapeshifting


You had 8 spell levels left.
You didn't know any spells.
Your spell library contained the following spells:

 Spells                   Type           Power      Damage    Failure   Level
 Foxfire                  Conj/Fire      0%         2x1d4     45%         1
 Kiss of Death            Conj/Necr      0%         2d5       45%         1
 Shock                    Conj/Air       0%         1d3       45%         1
 Confusing Touch          Hex            0%         N/A       83%         3
 Swiftness                Air            0%         N/A       83%         3
 Airstrike                Air            0%         2d(0-16)  99%         4
 Dispel Undead            Necr           0%         3d6       99%         4
 Iskenderun's Battlesphe  Conj           0%         2d6       100%        5
 Bombard                  Conj/Erth      0%         9d1       100%        6
 Plasma Beam              Fire/Air       0%         2x1d10    100%        6
 Starburst                Conj/Fire      0%         6d3       100%        6
 Spellforged Servitor     Conj/Summ      0%         N/A       100%        7


Dungeon Overview and Level Annotations

Branches:
Dungeon (7/15)             Temple (1/1) D:4           Sewer (visited)
Ossuary (visited)

Altars:
Ashenzari
Cheibriados
Dithmenos
Elyvilon
Fedhas
Gozag
Hepliaklqana
Kikubaaqudgha
Makhleb
Nemelex Xobeh
Okawaru
Qazlal
Ru
Sif Muna
Trog
Uskayaw
Vehumet
Wu Jian
Xom
Zin
The Shining One

Shops:
D:3 *


Innate Abilities, Weirdness & Mutations

You are a hulking beast.
Your limbs bulge with bestial killing power. (Slay +3)
You are too large for most types of armour.
You have claws for hands.
Your natural rate of healing is unusually fast.
You are covered in fur. (AC +1)
You have tough skin. (AC +1)


Message History

Attack: -) Claws
Press: ? - help, Dir - move target, f - killer bee
Aim: a killer bee (about 53% to evade your claws)
Okay, then.
Aiming: Thunderbolt
Press: ? - help, Q - select action, (/) - cycle Shift-Dir - straight line, f - killer bee
Aim: a killer bee The thunderbolt hits the killer bee!!
You kill the killer bee!
You hear a shout!
The killer bee closely misses you. x2; The killer bee stings you.
* * * LOW HITPOINT WARNING * * *
You are poisoned.
The killer bee poisons you!
The killer bee stings you but does no damage.
Aiming: Thunderbolt
Press: ? - help, Q - select action, (/) - cycle Shift-Dir - straight line, f - killer bee
Aim: a killer bee The thunderbolt hits the killer bee!
The killer bee is heavily wounded.
You feel sick.
The killer bee stings you but does no damage.
The killer bee misses you.
The killer bee stings you but does no damage.
The killer bee closely misses you.
You mangle the killer bee!!
You kill the killer bee!
You feel sick. The killer bee stings you.
* * * LOW HITPOINT WARNING * * *
You are more poisoned.
The killer bee poisons you!
You miss the killer bee.
The killer bee is heavily wounded.
You feel sick. The killer bee misses you.
The killer bee stings you but does no damage.
You miss the killer bee.
The killer bee is heavily wounded.
You feel sick. The killer bee stings you!
You die...
Your body crumbles into a pile of gold.

.#####.......§.§§§....
)........≈≈.....≈≈..#
)........≈..≈.§..≈..#
#.###..#...§≈.§§§§.###
#.............§§......
#####.#...##..#.§§##
...##...#.###....$#
##.###..#.#####...####.#
#[# #..#.##....h.......
#.# #..#.##...$$y......
##.# #..#.##.........$..
##[###).#.#####...####.#
...............?..# .
##..###########...#
##..# ##.## ..>.# #.#
###.##########


You could see a killer bee.

Vanquished Creatures
  A hornet (D:7)
  Sigmund (D:4)
  Eustachio (D:4)
  A steam dragon (D:6)
  Edmund (D:5)
  A water moccasin (D:6)
  A sky beast (D:6)
  A centaur (D:6)
  A bullfrog (Sewer)
  A kobold brigand (D:6)
  3 elf zombies (Ossuary)
  4 scorpions
  6 wights (D:7)
  2 killer bees (D:7)
  A howler monkey (D:6)
  A vampire bat (D:3)
  3 hounds
  2 bombardier beetles
  A jelly (D:4)
  3 orc priests
  A sleepcap (D:5)
  3 iguanas
  4 orc wizards
  A hound zombie (Ossuary)
  4 mummies (Ossuary)
  Robin (D:4)
  9 adders
  3 gnolls (D:6)
  A shadow imp (D:6)
  2 white imps
  8 dart slugs
  3 fire bats (D:3)
  9 orcs
  2 spectral bats (D:3)
  3 bat skeletons (D:3)
  A bat zombie (D:3)
  14 endoplasms
  13 giant cockroaches
  A gnoll zombie (Ossuary)
  15 goblins
  11 hobgoblins
  4 jackals (D:2)
  7 quokkas
  22 ball pythons
  16 bats
  A bat simulacrum (D:3)
  8 frilled lizards
  2 goblin zombies (Ossuary)
  A hobgoblin zombie (Ossuary)
  A jackal zombie (Ossuary)
  13 kobolds
  A kobold zombie (Ossuary)
  9 rats
  2 rat zombies (Ossuary)
232 creatures vanquished.

Notes
Turn   | Place    | Note
-------+----------+-------------------------------------------
     0 | D:1      | CraigForest the Troll Shapeshifter began the quest for the
                  | Orb.
     0 | D:1      | Reached XP level 1. HP: 18/18 MP: 0/0
   358 | D:1      | Reached XP level 2. HP: 26/26 MP: 1/1
  1056 | D:2      | Reached XP level 3. HP: 32/32 MP: 2/2
  1444 | D:2      | Found a bloodstained altar of Trog.
  1634 | D:3      | Found Suoczeb's General Store.
  1656 | D:3      | Reached skill level 4 in Unarmed Combat
  1748 | D:3      | Reached XP level 4. HP: 40/40 MP: 3/3
  1795 | D:3      | Found a glowing drain.
  1799 | Sewer    | Entered a sewer
  1994 | Sewer    | Reached XP level 5. HP: 40/46 MP: 4/4
  2034 | Sewer    | Reached skill level 1 in Fighting
  2034 | Sewer    | Reached skill level 5 in Unarmed Combat
  2185 | D:3      | Reached XP level 6. HP: 55/55 MP: 5/5
  2241 | D:3      | Reached skill level 6 in Unarmed Combat
  2306 | D:3      | Bought a scroll of fear for 40 gold pieces
  2567 | D:4      | Noticed Eustachio
  2574 | D:4      | Killed Eustachio
  2630 | D:4      | Found a staircase to the Ecumenical Temple.
  2634 | D:4      | Noticed Sigmund
  2650 | D:4      | Killed Sigmund
  2651 | D:4      | Reached skill level 7 in Unarmed Combat
  2651 | D:4      | Reached XP level 7. HP: 52/62 MP: 6/6
  2654 | Temple   | Entered the Ecumenical Temple
  2738 | Temple   | Became a worshipper of Gozag Ym Sagoz the Greedy
  2883 | D:4      | Noticed Robin
  2899 | D:4      | Killed Robin
  3307 | D:4      | Found a sparkling altar of Nemelex Xobeh.
  3596 | D:5      | Entered Level 5 of the Dungeon
  3600 | D:5      | Reached skill level 5 in Shapeshifting
  3653 | D:5      | Found a stormy altar of Qazlal.
  3729 | D:5      | Found a sand-covered staircase.
  3734 | Ossuary  | Entered an ossuary
  3749 | Ossuary  | Reached skill level 8 in Unarmed Combat
  3768 | Ossuary  | Reached XP level 8. HP: 59/70 MP: 7/7
  3987 | D:5      | Noticed Edmund
  3994 | D:5      | Killed Edmund
  3995 | D:5      | Reached skill level 9 in Unarmed Combat
  4691 | D:6      | Reached skill level 10 in Unarmed Combat
  5030 | D:6      | Reached XP level 9. HP: 76/76 MP: 8/8
  5088 | D:6      | Found a shimmering altar of Xom.
  5233 | D:6      | Reached skill level 11 in Unarmed Combat
  5579 | D:7      | Found the +8 orange crystal plate armour {Archmagi, Int+3
                  | Clar}
  5689 | D:7      | Found a shimmering blue altar of Sif Muna.
  5753 | D:7      | Slain by a killer bee

Illustrated notes

Levels and vault maps discovered:
D:1:      denvon_arrival_waterhouse, layout_loops_corners
D:2:      layout_loops_ring, basic_altar
D:3:      layout_basic, serial_shops, nicolae_shop_window_shopping,
          gup_sewer_entry_bowl, st_stairs_3, goddamned_bats
D:4:      layout_basic, nemelex_spade_bored_becter,
          minmay_temple_entry_gardened_gates, kennysheep_generic_room_13,
          uniq_eustachio, uniq_sigmund, uniq_robin
D:5:      layout_loops_ring, nicolae_qazlal_eye_of_the_storm, enter_ossuary_2,
          uniq_edmund
D:6:      layout_loops_cross, mainiacjoe_overflow_alcove_2
D:7:      layout_loops_ring, mainiacjoe_overflow_small_starburst,
          kennysheep_cross_bottleneck, uniq_jeremiah
Temple:   minmay_temple_bridge_d

Skill      XL: |  1  2  3  4  5  6  7  8  9 |
---------------+----------------------------+-----
Unarmed Combat | 4 5 7 8 10 11 | 11.9
Dodging        | 2 |  2.0
Shapeshifting  | 4 5 6 |  6.5
Fighting       | 1 |  1.0

Action                     |  1- 3 |  4- 6 |  7- 9 || total
---------------------------+-------+-------+-------++-------
  Melee: Unarmed           |    88 |   176 |   245 ||   509
         Punch             |       |     6 |    10 ||    16
  Evoke: Lightning rod     |       |       |     2 ||     2
    Use: Scroll            |       |     5 |     5 ||    10
         Potion            |       |       |     5 ||     5
   Stab: Sleeping          |       |     1 |       ||     1
         Distracted        |       |       |     1 ||     1
 Armour: Animal skin       |     6 |       |       ||     6
         Robe              |    54 |   150 |   210 ||   414
  Dodge: Dodged            |    35 |   145 |   145 ||   325
   Form: Beast             |     1 |       |       ||     1

Table legend: (Time is in decaauts)
 A = Elapsed time spent in this place.
 B = Non-inter-level travel time spent in this place.
 C = Inter-level travel time spent in this place.
 D = Time resting spent in this place.
 E = Time spent auto-exploring this place.
 F = Levels seen in this place.
 G = Mean time per level.
                   A        B        C        D        E       F      G
               +--------+--------+--------+--------+--------+-----+--------+
         Total |   5686 |   5485 |    201 |    100 |   3114 |  10 |  568.6 |
       Dungeon |   5018 |   4817 |    201 |    100 |   3055 |   7 |  716.9 |
        Temple |    160 |    160 |      0 |      0 |      0 |   1 |  160.0 |
         Sewer |    294 |    294 |      0 |      0 |     24 |   1 |  294.0 |
       Ossuary |    213 |    213 |      0 |      0 |     35 |   1 |  213.0 |
               +--------+--------+--------+--------+--------+-----+--------+

Top non-repeatable levels by time:
     D:1: 1044 daAuts
     D:4: 860 daAuts
     D:6: 858 daAuts
     D:5: 837 daAuts
     D:3: 627 daAuts
     D:2: 578 daAuts
   Sewer: 294 daAuts
 Ossuary: 213 daAuts
     D:7: 211 daAuts
  Temple: 160 daAuts
